Unix NetHack Version 5.0.0-0 post-release - last build Jun 10 2026 00:39:30 (3ee93aec679c4c4259841fe613dc97188e26a321,branch:main).

Game began 2026-06-14 03:07:14, ended 2026-06-14 03:25:06.

Felix1, neutral male human Barbarian

  -------
  |....*-
  |.)...|#             -------------
  |...(.-##############|....!......|
  |.....|#            #|..:.....e...
  |.....|#            #|........:..|
  --|----#            #--.----s-----
    #    ###          #  ###
    #      #          ######
    #      #               #
    #      #######
    #            ##           |
   -|---------                 .
   |....<....|
   |.........|
   |......(...
   |..k......|
   -----------

Felix1 the Pillager        St:18/08 Dx:16 Co:17 In:8 Wi:9 Ch:6  Neutral
Dlvl:4  $:54 HP:0(26) Pw:6(6) AC:6  Xp:3 T:2132 

Latest messages:
 z - a scroll labeled XIXAXA XOXAXA XUXAXA.
 A - a crystal wand.
 You see here a statue of a large kobold.
 The door opens.
 You find a hidden passage.
 The door opens.
 You see here a lamp.
 B - a lamp.
 You see here a chest.
 You see here a sling.
 You hear someone counting gold coins.
 A trap door in the ceiling opens and a rock falls on your head!
 You see here a chest.
 In what direction? .
 Hmmm, the chest turns out to be locked.
 Unlock it with your lock pick? [ynq] (q) y
 You succeed in picking the lock.
 In what direction? .
 C - 2 cloudy potions.
 You see here a sling.
 v - a long sword named Vorpal Blade (weapon in right hand).
 You see here a sling.
 The door opens.
 You hear a gurgling noise.
 You find a hidden passage.
 You miss the floating eye.
 You smite the floating eye!
 You are frozen by the floating eye's gaze!
 The cave spider just misses!
 The cave spider bites!
 The cave spider bites!
 The cave spider bites!
 The cave spider misses!
 The cave spider bites!
 The cave spider bites!
 The cave spider bites!
 The cave spider bites!
 The cave spider bites!
 The cave spider bites!
 The cave spider bites!
 The cave spider bites!
 The cave spider bites!
 The cave spider bites!
 The cave spider bites!
 The cave spider bites!
 The cave spider bites!
 The cave spider misses!
 The cave spider bites!
 You die...
 Do you want your possessions identified? [ynq] (y) q

Inventory:
 Coins    ('$')
  $ - 54 gold pieces
 Weapons  (')')
  w - a +0 boomerang
  b - a +0 axe (alternate weapon; not wielded)
  a - a +0 two-handed sword
  v - the +1 Vorpal Blade (weapon in right hand)
 Armor    ('[')
  e - an uncursed fireproof +0 cloak of invisibility (being worn)
  f - an uncursed +0 dwarvish cloak
  c - an uncursed +0 ring mail (being worn)
 Comestibles  ('%')
  d - 4 uncursed food rations
 Scrolls  ('?')
  z - an uncursed scroll of confuse monster
  l - an uncursed scroll of enchant armor
 Spellbooks  ('+')
  u - an uncursed spellbook of clairvoyance
  q - an uncursed spellbook of create monster
  n - an uncursed spellbook of protection
 Potions  ('!')
  o - 2 uncursed potions of extra healing
  C - 2 uncursed potions of healing
  j - an uncursed potion of water
 Wands    ('/')
  h - a cursed wand of light (0:11)
  A - a blessed wand of magic missile (0:4)
  y - a wand of polymorph (0:3)
 Tools    ('(')
  k - an uncursed lock pick
  B - a cursed magic lamp
 Gems/Stones  ('*')
  r - an uncursed worthless piece of green glass
  i - an uncursed worthless piece of violet glass
  s - an uncursed worthless piece of yellow glass

Felix1 the Barbarian's attributes:

Background:
 You were a Pillager, a level 3 male human Barbarian.
 You were neutral, nominally on a mission for Crom
 who was opposed by Mitra (lawful) and Set (chaotic).
 You were right-handed.
 You were in the Dungeons of Doom, on level 4.
 You entered the dungeon 2132 turns ago.
 It was nighttime.
 There was a new moon in effect when your adventure ended.
 You had 62 experience points, 18 more were needed to attain level 4.

Basics:
 You had 0 out of 26 hit points.
 You had all 6 energy points (spell power).
 Your armor class was 6.
 Your wallet contained 54 zorkmids.
 Autopickup was off.

Final Characteristics:
 Your strength was 18/08 (limit:18/100).
 Your dexterity was 16 (limit:18).
 Your constitution was 17 (limit:18).
 Your intelligence was 8 (limit:18).
 Your wisdom was 9 (limit:18).
 Your charisma was 6 (limit:18).

Final Status:
 You weren't hungry.
 You were unencumbered.
 You were wielding a long sword.
 You were unskilled in long sword.

Final Attributes:
 You were devoutly aligned.
 You were poison resistant.
 You were invisible.
 You were warded.
 You are dead.

Miscellaneous:
 You didn't encounter any bones levels.
 Total elapsed playing time was 17 minutes and 52 seconds.

Major events:
 Turn
    1: Felix1 the neutral male human Barbarian entered the dungeon
 1016: found Vorpal Blade on the floor
 1169: attained the rank of Pillager (level 3)
 1204: entered the Gnomish Mines
 2132: killed by a cave spider, while frozen by a floating eye's gaze

You didn't know any spells.

Skills:
 Fighting Skills
   bare handed combat [Basic]
   two weapon combat  [Unskilled]
   riding             [Unskilled]
 Weapon Skills
   dagger             [Unskilled]
   axe                [Basic]
   pick-axe           [Unskilled]
   short sword        [Unskilled]
   broadsword         [Unskilled]
   long sword         [Unskilled]
   two-handed sword   [Basic]
   saber              [Unskilled]
   club               [Unskilled]
   mace               [Unskilled]
   morning star       [Unskilled]
   flail              [Unskilled]
   hammer             [Unskilled]
   quarterstaff       [Unskilled]
   spear              [Unskilled]
   trident            [Unskilled]
   bow                [Unskilled]
 Spellcasting Skills
   attack spells      [Unskilled]
   escape spells      [Unskilled]

Voluntary challenges:
 Character rerolling was not enabled.
 You were an atheist.
 You were illiterate.
 You never genocided any monsters.
 You never polymorphed an object.
 You never changed form.
 You used no wishes.
Achievements:
 You attained the rank of Pillager.
 You entered the Gnomish Mines.

 The Dungeons of Doom: levels 1 to 4
    Level 1:
    Level 2:
       Stairs down to The Gnomish Mines.
    Level 3:
    Level 4: <- You were here.
       Final resting place for
          you, killed by a cave spider, while frozen by a floating eye's gaze.
 The Gnomish Mines:
    Level 3:


Vanquished creatures:
  a giant bat
 an acid blob
  a coyote
  a green mold
  a garter snake
  a gnome zombie
  3 geckos
  7 jackals
  2 foxes
  5 sewer rats
  2 grid bugs
  4 lichens
  7 newts
36 creatures vanquished.

No species were genocided or became extinct.

Game over:
                       ----------
                      /          \
                     /    REST    \
                    /      IN      \
                   /     PEACE      \
                  /                  \
                  |      Felix1      |
                  |      54 Au       |
                  | killed by a cave |
                  |      spider      |
                  |                  |
                  |                  |
                  |       2026       |
                 *|     *  *  *      | *
        _________)/\\_//(\/(/\)/\//\/|_)_______

Goodbye Felix1 the Barbarian...

You died in The Dungeons of Doom on dungeon level 4 with 447 points,
and 54 pieces of gold, after 2132 moves.
You were level 3 with a maximum of 26 hit points when you died.

